 Dungeon Crawl Stone Soup version 0.30.1-11-g7821555f0a (webtiles) character file.

Game seed: 258855647526777033

1268 pkoi the Grappler (level 8, -6/63 HPs)
             Began as a Pale Draconian Monk on Nov 3, 2023.
             Was an Initiate of Gozag.
             Mangled by a centaur
             ... wielding a +0 heavy falchion
              (10 damage)
             ... on level 5 of the Dungeon.
             The game lasted 00:07:20 (4308 turns).

pkoi the Grappler (Pale Draconian Monk)             Turns: 4308, Time: 00:07:20

Health: -6/63      AC:  7    Str: 21    XL:     8   Next: 28%
Magic:  8/8        EV: 12    Int: 12    God:    Gozag
Gold:   1027       SH:  0    Dex: 13    Spells: 7/7 levels left

rFire   . .          .
                       - Unarmed
rCold   . . .        c - orb {light}
rNeg    . . .        (body armour unavailable)
rPois   +            (helmet restricted)
rElec   .            (no cloak)
rCorr   .            (no gloves)
SInv    .            h - +0 pair of boots
Will    .....        (no amulet)
Stlth   +            n - ring of poison resistance
HPRegen 0.30/turn    g - +6 ring of strength
MPRegen 0.11/turn

%: no passive effects
@: glowing
A: breathe steam, AC +6, unfitting armour, cold-blooded, steam resistance
a: Breathe Steam, Renounce Religion, Potion Petition, Call Merchant, Bribe
Branch


You were on level 5 of the Dungeon.
You worshipped Gozag.
Gozag was most pleased with you.
You visited 1 branch of the dungeon, and saw 5 of its levels.
You also visited: Ossuary.

You collected 1027 gold pieces.

Inventory:

Hand Weapons
 b - a +4 sling
Armour
 c - an orb of light (worn)
 h - a +0 pair of boots (worn)
Jewellery
 d - a ring of resist corrosion
 g - a +6 ring of strength (right hand)
 l - a ring of willpower
 n - a ring of poison resistance (left hand)
Wands
 k - a wand of quicksilver (9)
 t - a wand of digging (3)
Scrolls
 e - 3 scrolls of fear
 i - 3 scrolls of identify
 o - 4 scrolls of teleportation
 s - 2 scrolls of enchant armour {unknown}
 u - a scroll of amnesia
Potions
 a - 2 potions of ambrosia
 f - a potion of attraction
 j - 2 potions of brilliance
 m - a potion of haste {unknown}
 p - a potion of resistance {unknown}
 q - 4 potions of curing
 r - 3 potions of heal wounds
 v - a potion of lignification


   Skills:
 - Level 3.2 Fighting
 - Level 6.0 Ranged Weapons
 - Level 2.6 Dodging
 + Level 8.1 Unarmed Combat


You had 7 spell levels left.
You didn't know any spells.
Your spell library was empty.

Dungeon Overview and Level Annotations

Branches:
Dungeon (5/15)            Ossuary (visited)
 Temple: D:4-7

Altars:
Dithmenos
Elyvilon
Fedhas
Gozag
Hepliaklqana
Kikubaaqudgha
Ru
Xom
Zin

Shops:
D:5 [


Innate Abilities, Weirdness & Mutations

You can breathe blasts of scalding, opaque steam.
Your pale cyan-grey scales are hard. (AC +6)
You cannot fit into any form of body armour.
You are cold-blooded and may be slowed by cold attacks.
You are immune to the effects of steam.


Message History

The centaur shoots an arrow.
The arrow closely misses you.
The centaur shoots an arrow.
The arrow barely misses you.
The centaur shoots an arrow.
The arrow hits you.
You see here 10 gold pieces.
The centaur shoots an arrow.
The arrow hits you.
The centaur shoots an arrow.
The arrow barely misses you.
The centaur shoots an arrow.
The arrow misses you.
The centaur shoots an arrow.
The arrow completely misses you.
A phantom comes into view.
Found a stone staircase leading down.
The centaur unwields a +0 shortbow.
The centaur wields a +0 heavy falchion.
The centaur misses you. The centaur closely misses you.
You punch the centaur!
The centaur is moderately wounded.
The centaur hits you with a +0 heavy falchion!
The centaur barely misses you.
You hit the centaur.
The centaur is heavily wounded.
The centaur hits you with a +0 heavy falchion!
The centaur closely misses you.
You hit the centaur but do no damage.
The centaur is heavily wounded.
The centaur hits you with a +0 heavy falchion!
* * * LOW HITPOINT WARNING * * *
The centaur closely misses you.
You hit the centaur.
The centaur is heavily wounded.
The phantom misses you.
Unknown command.
You hit the centaur.
Your tail-slap misses the centaur.
The centaur is severely wounded.
The centaur hits you with a +0 heavy falchion!
* * * LOW HITPOINT WARNING * * *
The centaur kicks you but does no damage.
The phantom hits you but does no damage.
You hit the centaur.
The centaur is severely wounded.
The centaur hits you with a +0 heavy falchion!
You die...
Your body crumbles into a pile of gold.

*',**,,* *..............[<..###
*,,,**,***#...........##....#
**,,,*,*,,..##..............#
,**,,*,,,,***##.....#......##
,,****,,,,** ##....##....<.##
,,,,,,,,,.,**#..............#*
**,,,,,,*#..*.##....$.###....#**
**,,**,,*#....#.......#*...#...*
,,,**,,**......W@.....#*...#...#
,,,***,**...#..c####..#.....,..#
,,****,*,,,*#...** #.....#..#*##
,,,,,,,,,,*#....,* #.....##.#
,,*,,,,,,,,#.>..,* #......#**
,,**,**,,,....#.** ##......*
,,**,,*,,.....##* *.##..#*
,,,*,**,,.....*** *,*****
,,**,**,,,,,,,,,*****,*


You could see a phantom and a centaur.

Vanquished Creatures
  Sigmund (D:4)
  A steam dragon (D:4)
  Menkaure (D:4)
  An ice beast (D:5)
  An ogre (D:3)
  A scorpion (D:5)
  2 gnoll boudas (D:4)
  4 iguanas
  An orc wizard (D:5)
  8 mummies (Ossuary)
  14 gnolls
  10 adders
  A worm (D:1)
  8 dart slugs
  3 orcs
  11 ball pythons
  6 bats
  7 endoplasms
  2 giant cockroaches
  2 gnoll zombies (Ossuary)
  10 hobgoblins
  4 jackals (D:1)
  2 quokkas
  3 frilled lizards
  14 goblins
  3 hobgoblin zombies (Ossuary)
  8 kobolds
  2 kobold zombies (Ossuary)
  An orc zombie (Ossuary)
  2 rats (D:1)
134 creatures vanquished.

Notes
Turn   | Place    | Note
-------+----------+-------------------------------------------
     0 | D:1      | pkoi the Draconian Monk began the quest for the Orb.
     0 | D:1      | Reached XP level 1. HP: 19/19 MP: 1/1
   171 | D:1      | Reached XP level 2. HP: 25/26 MP: 2/2
   656 | D:1      | Reached skill level 1 in Ranged Weapons
  1009 | D:2      | Reached XP level 3. HP: 31/31 MP: 3/3
  1025 | D:1      | Reached skill level 4 in Unarmed Combat
  1145 | D:2      | Reached XP level 4. HP: 38/38 MP: 4/4
  1533 | D:3      | Found a glowing silver altar of Zin.
  1535 | D:3      | Found a shimmering altar of Xom.
  1535 | D:3      | Found an opulent altar of Gozag.
  1537 | D:3      | Found an ancient bone altar of Kikubaaqudgha.
  1569 | D:3      | Became a worshipper of Gozag Ym Sagoz the Greedy
  1580 | D:3      | Found a sacrificial altar of Ru.
  1936 | D:3      | Noticed an ogre
  1942 | D:3      | Killed an ogre
  1943 | D:3      | Reached skill level 5 in Unarmed Combat
  1943 | D:3      | Reached XP level 5. HP: 15/45 MP: 5/5
  2614 | D:4      | Noticed Menkaure
  2626 | D:4      | Killed Menkaure
  2627 | D:4      | Reached XP level 6. HP: 41/51 MP: 6/6
  2928 | D:4      | Noticed Sigmund
  2993 | D:4      | Reached skill level 6 in Unarmed Combat
  3314 | D:4      | Killed Sigmund
  3315 | D:4      | Your scales start taking on a pale cyan-grey colour.
  3315 | D:4      | Reached XP level 7. HP: 35/57 MP: 7/7
  3315 | D:4      | Gained mutation: You are immune to the effects of steam.
                  | [Pale Draconian growth]
  3445 | D:4      | Found a white marble altar of Elyvilon.
  3445 | D:4      | Found a hazy altar of Hepliaklqana.
  3446 | D:4      | Found a blossoming altar of Fedhas.
  3502 | D:4      | Found a shadowy altar of Dithmenos.
  3565 | D:5      | Entered Level 5 of the Dungeon
  3565 | D:5      | Noticed a steam dragon
  3586 | D:4      | Killed a steam dragon
  3587 | D:4      | Reached skill level 5 in Ranged Weapons
  3587 | D:4      | Reached skill level 7 in Unarmed Combat
  3711 | D:5      | Found Uhuptoth's Antique Armour Boutique.
  3839 | D:5      | Found a sand-covered staircase.
  3844 | Ossuary  | Entered an ossuary
  3948 | Ossuary  | Reached XP level 8. HP: 63/63 MP: 8/8
  4268 | D:5      | Reached skill level 8 in Unarmed Combat
  4308 | D:5      | Mangled by a centaur

Illustrated notes

Levels and vault maps discovered:
D:1:      dpeg_arrival_circle_labyrinth_a, layout_loops_ring, minmay_octomino_c4
D:2:      layout_rooms
D:3:      layout_basic, nicolae_ru_sacrificial_ziggurat,
          grunt_temple_overflow_open
D:4:      layout_rooms, kennysheep_mini_moat,
          chequers_temple_overflow_statue_of_worship, uniq_sigmund,
          uniq_menkaure
D:5:      cheibrodos_barr_body, layout_cave_pools, lemuel_tele_altar,
          serial_shops, shop, enter_ossuary_2, minmay_misc_feat_hallway

Skill      XL: |  1  2  3  4  5  6  7  8 |
---------------+-------------------------+-----
Ranged Weapons | 1 3 4 5 6 |  6.0
Unarmed Combat | 4 5 6 7 8 |  8.1
Fighting       | |  3.2
Dodging        | |  2.6

Action                     |  1- 3 |  4- 6 |  7- 9 || total
---------------------------+-------+-------+-------++-------
  Melee: Unarmed           |    51 |   134 |   102 ||   287
         Tailslap          |     5 |    23 |    22 ||    50
   Fire: Sling             |    53 |    74 |    30 ||   157
Ability: Breathe Steam     |       |       |     2 ||     2
    Use: Scroll            |       |     8 |     2 ||    10
         Potion            |       |     4 |     2 ||     6
   Stab: Distracted        |       |     1 |     1 ||     2
 Armour: Skin              |    35 |    31 |    37 ||   103
  Dodge: Dodged            |    45 |    68 |    72 ||   185
